 Dungeon Crawl Stone Soup version 0.28-a0-1190-g77e1c55843 (webtiles) character file.

Game seed: 15400810455916064207

553604 DoubleLucky the Conqueror (level 25, -3/257 HPs)
             Began as a Minotaur Berserker on Mar 7, 2021.
             Was a High Priest of Trog.
             Splashed by a caustic shrike's acid (10 damage)
             ... summoned by a glowing orange brain
             ... on level 4 of the Depths on Dec 18, 2021.
             The game lasted 07:01:26 (67323 turns).

DoubleLucky the Conqueror (Minotaur Berserker)     Turns: 67323, Time: 07:01:26

Health: -3/257     AC: 16    Str: 33    XL:     25   Next: 13%
Magic:  22/31      EV: 13    Int:  6    God:    Trog [*****.]
Gold:   4651       SH:  0    Dex: 18    Spells: 24/24 levels left

rFire   + . .      SeeInvis .   X - +9 executioner's axe (flame)
rCold   . . .      Faith    .   (shield currently unavailable)
rNeg    . . .      Spirit   .   b - +9 crystal plate armour
rPois   .          Reflect  .   P - +2 hood of the Assassin {Detection Stab+ Stlth++}
rElec   .          Harm     .   x - scarf {repulsion}
rCorr   .          Rampage  .   h - +2 pair of gloves {infuse}
Will    ++++.                   j - +0 pair of boots {Fly}
Stlth   ..........              V - amulet of regeneration
HPRegen 2.32/turn               y - ring "Wodi" {rF+ Will+ Str+5}
MPRegen 0.22/turn               z - ring of Nouman {*Corrode MP+9 Dex+5}

@: about to teleport, strong-willed (expiring), corroded, flying, regenerating
(expiring), studying 3 skills, repel missiles
A: horns 2, retaliatory headbutt
}: 3/15 runes: decaying, silver, gossamer
a: Renounce Religion, Berserk, Trog's Hand, Brothers in Arms


You were on level 4 of the Depths.
You worshipped Trog.
Trog was extremely pleased with you.
You visited 8 branches of the dungeon, and saw 43 of its levels.
You visited the Abyss 1 time.
You also visited: Sewer, Gauntlet and Desolation.

You collected 8116 gold pieces.
You spent 3465 gold pieces at shops.

Inventory:

Hand Weapons
 X - a +9 executioner's axe of flaming (weapon)
Missiles
 D - 14 atropa-tipped darts
 O - 12 throwing nets
Armour
 b - a +9 crystal plate armour (worn)
 h - a +2 pair of gloves of infusion (worn)
 j - a +0 pair of boots of flying (worn)
 x - a scarf of repulsion (worn)
 P - the +2 hood of the Assassin (worn) {Detection Stab+ Stlth++}
   (You found it on level 1 of the Depths)

   It allows the wearer to sense nearby creatures.
   It allows the wearer to make particularly effective stabbing attacks against
   helpless or unaware enemies with any weapon.
   Stlth:     It makes you much more stealthy.
Jewellery
 d - the ring of Pihe {rF+ Dex+3}
   (You found it on level 4 of the Depths)

   [ring of protection from fire]

   Dex:       It affects your dexterity (+3).
   rF:        It protects you from fire.
 m - a ring of protection from cold
 y - the ring "Wodi" (left hand) {rF+ Will+ Str+5}
   (You acquired it on level 4 of the Vaults)

   [ring of protection from fire]

   Str:       It affects your strength (+5).
   rF:        It protects you from fire.
   Will:      It increases your willpower.
 z - the ring of Nouman (right hand) {*Corrode MP+9 Dex+5}
   (You found it on level 6 of the Lair of Beasts)

   [ring of magical power]

   Dex:       It affects your dexterity (+5).
   MP:        It affects your magic capacity (+9).
   *Corrode:  It may corrode you when you take damage.
 N - the ring "Jaojoim" {rN+ Dex+4 SInv}
   (You found it in a Gauntlet)

   [ring of positive energy]

   Dex:       It affects your dexterity (+4).
   rN:        It protects you from negative energy.
   SInv:      It lets you see invisible.
 U - a +6 ring of strength
 V - an amulet of regeneration (around neck)
 Y - a ring of poison resistance
Wands
 n - a wand of digging (24)
 v - a wand of charming (17)
 E - a wand of polymorph (43)
 F - a wand of iceblast (24) (quivered)
 G - a wand of flame (17)
 L - a wand of acid (10)
 S - a wand of mindburst (31)
 W - a wand of paralysis (3)
Scrolls
 a - 8 scrolls of fog
 e - a scroll of silence
 i - 3 scrolls of brand weapon
 l - 21 scrolls of teleportation
 o - 5 scrolls of fear
 t - 4 scrolls of blinking
 B - 3 scrolls of holy word
 C - 3 scrolls of enchant armour
 Q - 4 scrolls of enchant weapon
 T - 3 scrolls of magic mapping
 Z - a scroll of summoning
Potions
 c - 12 potions of haste
 g - 6 potions of might
 k - 6 potions of magic
 p - 10 potions of heal wounds
 r - 24 potions of curing
 s - 2 potions of resistance
 u - 3 potions of invisibility
 w - 6 potions of berserk rage
 A - 3 potions of cancellation
 K - 4 potions of ambrosia
Miscellaneous
 f - a phial of floods
 q - a tin of tremorstones (2/2)
 I - a condenser vane
 J - a box of beasts
 M - a phantom mirror


   Skills:
 O Level 27 Fighting
 - Level 26.0 Axes
 + Level 26.3 Armour
 - Level 10.0 Dodging
 - Level 2.8 Shields
 + Level 19.6 Evocations


You had 24 spell levels left.
You didn't know any spells.
Your spell library was empty.

Dungeon Overview and Level Annotations

Branches:
Dungeon (15/15)            Temple (0/1) D:6            Lair (6/6) D:10
  Swamp (4/4) Lair:4       Spider (4/4) Lair:2        Slime (0/5) Lair:5
    Orc (2/2) D:12            Elf (3/3) Orc:2        Vaults (5/5) D:13
  Crypt (0/3) Vaults:2     Depths (4/5) D:15          Sewer (visited)
Desolation (visited)      Gauntlet (visited)
    Zot: Depths:4

Altars:
Ashenzari
Dithmenos
Elyvilon
Kikubaaqudgha
Sif Muna
Trog
Uskayaw
Wu Jian
Xom
Beogh

Shops:
D:7 :   Orc:1 :   Orc:2 *!*?   Elf:1 [   Vaults:1 =   Depths:4 :?!(

Portals:
Hell: Depths:1 Depths:2 Depths:3 Depths:4
Abyss: Depths:3
Pandemonium: Depths:2 Depths:4
Ziggurat: Depths:3


Innate Abilities, Weirdness & Mutations

You have a pair of horns on your head.
You reflexively headbutt those who attack you in melee.


Message History

The caustic shrike screeches!
The caustic shrike barely misses you. You furiously retaliate!
You headbutt the caustic shrike, but do no damage.
You're wearing all the rings you can.
Remove which one? (? for menu, Esc to cancel) < or
y - the ring "Wodi" {rF+ Will+ Str+5} > or
N - the ring "Jaojoim" {rN+ Dex+4 SInv} You remove the ring "Jaojoim" {rN+ Dex+4 SInv}.
The caustic shrike claws you but does no damage.
You feel your magic capacity increase.
You feel agile.
z - the ring of Nouman (right hand) {*Corrode MP+9 Dex+5} The caustic shrike claws you but does no damage.
Your troll goes berserk!
The caustic shrike misses you. The caustic shrike claws you!
* * * LOW HITPOINT WARNING * * *
You are splashed with acid.
* * * LOW HITPOINT WARNING * * *
You miss the caustic shrike. The caustic shrike claws you.
* * * LOW HITPOINT WARNING * * *
You are splashed with acid!
* * * LOW HITPOINT WARNING * * *
Your troll closely misses the caustic shrike.
Your troll misses the caustic shrike.
Your troll completely misses the caustic shrike.
You hit the caustic shrike but do no damage.
You feel the effects of Trog's Hand fading.
The caustic shrike claws you!!
* * * LOW HITPOINT WARNING * * *
The acid corrodes you!
You are splashed with acid!
* * * LOW HITPOINT WARNING * * *
The caustic shrike claws you but does no damage.
Your troll bites the caustic shrike!
Your troll completely misses the caustic shrike.
Your troll barely misses the caustic shrike.
As you read the scroll of teleportation, it crumbles to dust.
You feel strangely unstable. The caustic shrike claws you!
* * * LOW HITPOINT WARNING * * *
You are splashed with acid!
You die...

.(.##..# +.........######...##
..##...# #+######..# ###..)..# ..
....#. ## ##+####....!..
###...... #.. ###....∩...
......... .. ##...8...8.
####.#########.#####..#..........
.........#.......T.#......∩..8..∩
.#.#.#.#.#b######b.#..#..........
.........#.# #@#.# ##...8...8.
)#.#.#.#.#.# #.##.# ###....∩...
....[...... #.# .. ###.......
.#.#.#.#b# #.# .#. ###.....#
.........# #.# .#.# ###..^##
.#.#.#b#.#..# .# # #.###.###
.........#.. .# #......'.
####9######### #.....##.
.......D.##.. #....##..


You could see a caustic shrike (summoned, ally target) and a friendly troll
(summoned, berserk).

Vanquished Creatures
  A dread lich (Vaults:5)
  Sojobo (Depths:1)
  A caustic shrike (Depths:3)
  The ghost of Foasmeck the Peltast, a veteran MiFi of Qazlal (Vaults:4)
  5 golden dragons
  The ghost of Beasu the Peltast, a veteran KoDe of Wu Jian (Vaults:2)
  Nikola (Swamp:3)
  The ghost of Htamos the Wrestler, an adept TrMo of Okawaru (Vaults:2)
  Arachne (Spider:2)
  The ghost of Hianofua the Tortoise, an adept DDFi of Makhleb (Vaults:4)
  A Tzitzimitl (Depths:1)
  3 hellephants (Depths:2)
  A walking crystal tome (Depths:2)
  Jorgrun (Spider:3)
  3 tentacled monstrosities
  6 liches
  3 quicksilver dragons
  2 walking earthen tomes (Depths:3)
  2 deep elf master archers (Elf:3)
  9 titans
  A tentacled starspawn (Abyss:3)
  A walking frostbound tome (Depths:4)
  A deep elf blademaster (Elf:3)
  7 sphinxes
  Kirke (Swamp:3)
  Agnes (Spider:4)
  3 storm dragons
  20 ironbound preservers
  9 shadow dragons
  17 tengu reavers
  Azrael (D:12)
  7 fire giants
  2 azure jellies (Swamp:4)
  A fenstrider witch (Swamp:2)
  9 frost giants
  A minotaur (Gauntlet)
  6 deep elf sorcerers
  An orc warlord (Vaults:3)
  The ghost of ChaosChampion the Corrupter of Planes, a journeyman DsAK of Lugonu (Swamp:1)
  An imperial myrmidon (Desolation)
  2 iron dragons
  17 vault wardens
  Aizul (Spider:4)
  Louise (Spider:1)
  5 emperor scorpions
  An angel (Abyss:3)
  5 dire elephants
  2 deep elf elementalists (Elf:3)
  6 ghost moths
  A reaper (Depths:4)
  2 spriggan defenders (Depths:3)
  10 stone giants
  11 very ugly things
  Snorg (Lair:3)
  A war gargoyle (Vaults:5)
  9 ironbound thunderhulks
  A halazid warlock (Desolation)
  8 deep elf demonologists
  6 eleionomae
  6 vampire knights
  5 entropy weavers
  Erolcha (D:9)
  A bunyip (shapeshifter) (Vaults:5)
  A spark wasp (Spider:4)
  A spark wasp (shapeshifter) (D:15)
  2 bunyips
  8 deep elf annihilators
  13 hydras
  8 boulder beetles
  3 crystal guardians
  A merfolk javelineer (Depths:3)
  6 deep elf death magi
  Josephine (Orc:2)
  2 catoblepae (Lair:6)
  9 ettins
  6 fire dragons
  19 yaktaur captains
  A blizzard demon (Depths:3)
  18 centaur warriors
  A green death (Abyss:3)
  2 shambling mangroves (Swamp:4)
  A fire dragon (shapeshifter) (Vaults:5)
  A removed queen ant (D:11)
  An ice dragon (shapeshifter) (Elf:3)
  5 rakshasas
  16 two-headed ogres
  2 ice dragons (Swamp:4)
  4 deep elf high priests
  7 great orbs of eyes
  9 ragged hierophants (Desolation)
  5 servants of whispers
  32 vault guards
  9 peacekeepers
  A spriggan air mage (Depths:4)
  2 ghost crabs
  7 ogre magi
  8 ironbound frosthearts
  13 alligators
  An alligator snapping turtle (shapeshifter) (Vaults:5)
  33 dancing weapons
  A deep troll shaman (Depths:1)
  A two-headed ogre (shapeshifter) (Vaults:5)
  2 deep troll earth magi
  An alligator (shapeshifter) (Depths:1)
  5 hell hogs (Depths:2)
  4 tengu warriors
  Nergalle (Lair:2)
  3 orc high priests
  2 thrashing horrors (Abyss:3)
  3 spriggan berserkers
  2 vampire magi (Depths:1)
  17 deep elf knights
  A sun demon (Depths:4)
  2 wretched stars (Abyss:3)
  4 hell knights
  8 shadow wraiths (Depths:1)
  A death drake (shapeshifter) (Depths:4)
  4 iron trolls
  A soul eater (Depths:4)
  A swamp dragon (Swamp:3)
  51 deep trolls
  4 skeletal warriors (D:14)
  4 spriggan druids
  5 goliath frogs (Swamp:1)
  3 unseen horrors
  7 wizards
  3 shadow demons (Depths:1)
  A flayed ghost (Depths:1)
  16 ironbound convokers
  2 bog bodies
  8 deep elf archers
  A swamp dragon (shapeshifter) (D:15)
  An orange crystal statue (Vaults:2)
  Pikel (D:7)
  5 harpies (Vaults:2)
  4 phantasmal warriors
  4 necromancers
  5 starcursed masses
  A glowing orange brain (Vaults:4)
  An oklob plant (Lair:4)
  7 orc knights
  28 deep elf zephyrmancers
  6 orc sorcerers
  32 wolf spiders
  24 deep elf pyromancers
  11 lindwurms
  A moth of wrath (shapeshifter) (Vaults:5)
  A large abomination (Abyss:3)
  9 orb spiders
  A wolf spider (shapeshifter) (Vaults:5)
  4 manticores
  2 moths of wrath (Spider:4)
  34 ugly things
  A rust devil (Depths:2)
  6 will-o-the-wisps
  5 centaur zombies
  6 cyclopes
  A worldbinder (Abyss:3)
  20 elephants
  7 guardian serpents (Desolation)
  An elephant (shapeshifter) (Depths:3)
  2 smoke demons (Abyss:3)
  14 vault sentinels
  A molten gargoyle (Desolation)
  A centaur skeleton (D:14)
  Maggie (D:9)
  5 black mambas
  3 orange demons
  An apocalypse crab (Abyss:3)
  19 cane toads
  A gargoyle (D:15)
  3 kobold demonologists
  2 torpor snails (Spider:2)
  A rime drake (shapeshifter) (D:12)
  An efreet (D:13)
  13 demonic crawlers
  10 rime drakes
  11 komodo dragons
  3 tengu conjurers
  2 red devils (Depths:4)
  37 yaktaurs
  An ancient zyme (Abyss:3)
  A tormentor (Abyss:3)
  A bloated husk (Swamp:1)
  6 freezing wraiths
  3 meliai (D:13)
  34 jumping spiders
  2 polar bears
  7 tyrant leeches
  15 trolls
  13 slime creatures
  25 hornets
  17 blink frogs
  A harpy skeleton (D:15)
  47 saltlings
  A raiju (Abyss:3)
  A snapping turtle (shapeshifter) (Depths:2)
  15 dream sheep
  A frost giant simulacrum (Vaults:3)
  A centaur simulacrum (D:14)
  2 air elementals (Elf:1)
  16 water elementals
  80 redbacks
  2 shadows
  2 ynoxinuls
  16 spriggans
  A vampire (D:12)
  29 tarantellas
  6 wyverns
  28 yaks
  2 spriggans (shapeshifter)
  3 fire elementals (D:12)
  Grum (D:10)
  5 wraiths
  11 basilisks
  A neqoxec (Gauntlet)
  2 hogs (Swamp:3)
  5 swamp worm simulacra (Swamp:4)
  A redback simulacrum (D:15)
  16 vampire mosquitoes
  4 chaos spawn
  17 swamp worms
  3 wargs
  13 water moccasins
  An acid dragon (D:15)
  2 hell hounds (D:12)
  6 removed soldier ants (D:11)
  13 hydra simulacra (Swamp:4)
  6 sky beasts
  A floating eye (shapeshifter) (Vaults:5)
  A swamp drake (Swamp:1)
  33 orc warriors
  Duvessa (D:5)
  A removed eye of draining (D:13)
  A black bear (Lair:2)
  5 ice beasts
  2 necrophages
  4 boggarts
  26 ogres
  9 wolves
  28 centaurs
  5 phantoms
  3 kobold brigands
  17 bullfrogs
  6 gnoll sergeants
  Dowan (D:5)
  3 earth elementals
  5 small abominations (Abyss:3)
  4 wyvern skeletons
  5 scorpions
  14 wights
  12 killer bees
  4 howler monkeys
  2 electric eels
  A lava snake (D:10)
  2 quasits
  2 bullfrog skeletons (D:8)
  9 hounds
  2 gnoll shamans (D:10)
  24 orc priests
  6 jellies
  24 orc wizards
  15 hell rats
  35 removed worker ants
  2 ghosts (D:14)
  A removed worker ant zombie (D:6)
  2 howler monkey skeletons
  30 gnolls
  16 river rats
  16 adders
  3 shadow imps
  7 white imps
  3 ufetubi
  3 endoplasms
  3 swamp drake simulacra (Swamp:4)
  6 worms
  A dart slug (D:4)
  80 orcs
  6 removed leopard geckos
  7 ball pythons
  8 bats
  8 giant cockroaches
  8 goblins
  10 hobgoblins
  13 jackals
  9 quokkas
  3 frilled lizards
  28 kobolds
  28 rats
  A starspawn tentacle (Abyss:3)
2128 creatures vanquished.

Vanquished Creatures (collateral kills)
  The ghost of Hianofua the Tortoise, an adept DDFi of Makhleb (Vaults:4)
  Mlioglotl (Spider:1)
  A deep elf blademaster (Elf:3)
  Frances (D:14)
  A vault warden (Vaults:3)
  An emperor scorpion (Spider:4)
  An imperial myrmidon (Desolation)
  3 deep elf elementalists (Elf:3)
  2 crystal guardians (Desolation)
  A phantasmal warrior (Vaults:1)
  A deep elf archer (Elf:3)
  3 orb spiders
  2 wolf spiders (Spider:4)
  An orc knight (Vaults:3)
  An ironbound convoker (Vaults:3)
  A molten gargoyle (Desolation)
  2 yaktaurs
  A demonic crawler (Spider:3)
  4 saltlings (Desolation)
  4 redbacks
  An orc warrior (Vaults:3)
  A boggart (Vaults:3)
  An orc (D:7)
36 creatures vanquished.

Vanquished Creatures (others)
  A centaur warrior (D:15)
  An alligator (Swamp:3)
  An ironbound frostheart (Vaults:3)
  A goliath frog (Swamp:2)
  A deep troll (Vaults:1)
  A bog body (Swamp:4)
  A water elemental (Elf:3)
  A hog (Swamp:3)
  A swamp worm (Swamp:3)
  An orc wizard (D:5)
  An orc (Orc:2)
  20 foxfires
  11 fungi
  A lurking horror (Abyss:3)
  47 plants
  A starspawn tentacle (Abyss:3)
  4 withered plants (Vaults:4)
95 creatures vanquished.

Grand Total: 2259 creatures vanquished

Notes
Turn   | Place    | Note
-------+----------+-------------------------------------------
     0 | D:1      | DoubleLucky the Minotaur Berserker began the quest for the
                  | Orb.
     0 | D:1      | Reached XP level 1. HP: 19/19 MP: 0/0
   314 | D:1      | Reached XP level 2. HP: 19/27 MP: 1/1
   735 | D:1      | Reached skill level 4 in Fighting
  1218 | D:2      | Reached XP level 3. HP: 31/33 MP: 2/2
  1516 | D:2      | Found a white marble altar of Elyvilon.
  1523 | D:2      | Reached ** piety under Trog
  1647 | D:2      | Reached XP level 4. HP: 26/41 MP: 3/3
  2305 | D:3      | Noticed a bullfrog
  2311 | D:3      | Killed a bullfrog
  2312 | D:3      | Reached skill level 5 in Fighting
  2312 | D:3      | Reached skill level 5 in Axes
  2312 | D:3      | Reached XP level 5. HP: 48/48 MP: 4/4
  2338 | D:3      | Found a broken altar of Ashenzari.
  3264 | D:4      | Noticed an ogre
  3281 | D:4      | Killed an ogre
  3282 | D:4      | Reached XP level 6. HP: 30/57 MP: 5/5
  3458 | D:4      | Reached *** piety under Trog
  3459 | D:4      | Reached skill level 5 in Armour
  3509 | D:4      | Reached skill level 6 in Fighting
  3529 | D:4      | Identified the +0 pair of boots of the Onion {Dex+4 Stlth-}
  3700 | D:4      | Found a glowing drain.
  3704 | Sewer    | Entered a sewer
  3865 | Sewer    | Reached XP level 7. HP: 58/63 MP: 6/6
  4002 | Sewer    | Reached **** piety under Trog
  4854 | D:5      | Entered Level 5 of the Dungeon
  4947 | D:5      | Found a shimmering altar of Xom.
  4985 | D:5      | Reached skill level 7 in Fighting
  5149 | D:5      | Found an ancient bone altar of Kikubaaqudgha.
  5173 | D:5      | Reached XP level 8. HP: 73/73 MP: 7/7
  5231 | D:5      | Reached ***** piety under Trog
  5242 | D:5      | Noticed Duvessa
  5257 | D:5      | Killed Duvessa
  5258 | D:5      | Noticed Dowan
  5272 | D:5      | Killed Dowan
  5609 | D:5      | Found a shimmering blue altar of Sif Muna.
  5677 | D:5      | Found a hide-covered altar of Uskayaw.
  6135 | D:6      | Found a staircase to the Ecumenical Temple.
  6392 | D:7      | Reached skill level 8 in Fighting
  6513 | D:7      | Found Qiwkint's Book Emporium.
  7077 | D:7      | Noticed Pikel
  7085 | D:7      | Killed Pikel
  7086 | D:7      | Reached skill level 9 in Fighting
  7086 | D:7      | Reached XP level 9. HP: 83/83 MP: 8/8
  8069 | D:8      | Reached skill level 10 in Axes
  8077 | D:8      | Reached skill level 10 in Fighting
  8725 | D:8      | Reached skill level 10 in Armour
  9142 | D:8      | Found a shadowy altar of Dithmenos.
  9145 | D:8      | Found an ornate altar of the Wu Jian Council.
  9249 | D:9      | Reached XP level 10. HP: 94/94 MP: 9/9
  9286 | D:9      | Reached skill level 1 in Shields
  9505 | D:9      | Received a gift from Trog
  9514 | D:9      | Noticed Erolcha
  9518 | D:9      | Killed Erolcha
  9519 | D:9      | Reached skill level 11 in Fighting
  9522 | D:9      | Noticed Maggie
  9526 | D:9      | Killed Maggie
 10062 | D:9      | Found a bloodstained altar of Trog.
 10327 | D:10     | Entered Level 10 of the Dungeon
 10647 | D:10     | Noticed a centaur warrior
 10656 | D:10     | Killed a centaur warrior
 10657 | D:10     | Reached skill level 12 in Fighting
 10657 | D:10     | Reached XP level 11. HP: 79/104 MP: 3/10
 10904 | D:10     | Found a staircase to the Lair.
 10981 | D:10     | Noticed Grum
 10987 | D:10     | Killed Grum
 12271 | D:11     | Noticed a white ugly thing
 12279 | D:11     | Killed a white ugly thing
 12279 | D:11     | Received a gift from Trog
 12663 | D:11     | Noticed a boulder beetle
 12678 | D:11     | Killed a boulder beetle
 12888 | D:11     | Reached skill level 13 in Fighting
 12894 | D:11     | Noticed a purple ugly thing
 12906 | D:11     | Killed a purple ugly thing
 12908 | D:11     | Noticed a queen ant
 12921 | D:11     | Killed a queen ant
 13154 | D:11     | You fall into a shaft and drop 3 floors!
 13154 | D:14     | Noticed a deep elf pyromancer
 13158 | D:13     | Found a gate to the Vaults.
 13158 | D:13     | Noticed an ironheart preserver
 13160 | D:13     | Noticed a centaur warrior
 13171 | D:13     | Killed a centaur warrior
 13172 | D:13     | Reached XP level 12. HP: 86/115 MP: 3/11
 13181 | D:13     | Killed an ironheart preserver
 13351 | D:12     | Identified a scroll of acquirement
 13351 | D:12     | Acquired a +2 crystal plate armour
 13432 | D:12     | Reached skill level 14 in Fighting
 13433 | D:12     | Received a gift from Trog
 13447 | D:12     | Found a gate leading to a gauntlet.
 13455 | Gauntlet | Entered a Gauntlet
 13455 | Gauntlet | Found a transporter.
 13455 | Gauntlet | Found a runed translucent door.
 13455 | Gauntlet | Found a runed translucent door.
 13463 | Gauntlet | Found a transporter.
 13466 | Gauntlet | Found a transporter.
 13477 | Gauntlet | Found a transporter.
 13480 | Gauntlet | Found a transporter.
 13492 | Gauntlet | Found a transporter.
 13506 | Gauntlet | Noticed a reaper
 13508 | Gauntlet | Found a transporter.
 13519 | Gauntlet | Found a transporter.
 13521 | Gauntlet | Noticed a cacodemon
 13530 | Gauntlet | Found a runed translucent gate.
 13531 | Gauntlet | Found a transporter.
 13531 | Gauntlet | Found a runed translucent gate.
 13532 | Gauntlet | Found a runed translucent gate.
 13536 | Gauntlet | Found a transporter.
 13536 | Gauntlet | Found a transporter.
 13560 | Gauntlet | Found a runed translucent door.
 13564 | Gauntlet | Found a transporter.
 13564 | Gauntlet | Found a transporter.
 13567 | Gauntlet | Found a runed translucent door.
 13617 | Gauntlet | Found a transporter.
 13720 | Gauntlet | Identified the +8 chain mail of Going Fast {Stlth+}
 13764 | Gauntlet | Identified the ring of Understanding {Ice Str+3}
 13795 | Gauntlet | Identified the ring "Jaojoim" {rN+ Dex+4 SInv}
 13909 | Gauntlet | Identified the +4 great mace of Conformity {vorpal, Will+
                  | Str+3}
 13909 | Gauntlet | Identified the ring "Lekkouve" {rF+ EV+4 Stlth+}
 13909 | Gauntlet | Noticed a minotaur
 13910 | Gauntlet | Found the +0 pair of fencer's gloves {Riposte Dex+3}
 13917 | Gauntlet | Killed a minotaur
 14005 | Gauntlet | Identified Opust's Reference Book on Glacial Weightlessness
 14244 | D:12     | Noticed Azrael
 14259 | D:12     | Killed Azrael
 14487 | D:12     | Found a staircase to the Orcish Mines.
 15536 | D:13     | Noticed a centaur warrior
 15541 | D:13     | Killed a centaur warrior
 15542 | D:13     | Reached skill level 15 in Fighting
 15542 | D:13     | Reached skill level 15 in Axes
 15543 | D:13     | Received a gift from Trog
 15545 | D:13     | Reached XP level 13. HP: 126/126 MP: 4/12
 17112 | Orc:1    | Entered Level 1 of the Orcish Mines
 17181 | Lair:1   | Entered Level 1 of the Lair of Beasts
 17240 | Lair:1   | Reached skill level 15 in Armour
 18049 | Lair:2   | Noticed Nergalle
 18062 | Lair:2   | Killed Nergalle
 18272 | Lair:2   | Received a gift from Trog
 18306 | Lair:2   | Found a hole to the Spider Nest.
 18320 | Lair:2   | Reached skill level 16 in Fighting
 19488 | Lair:3   | Noticed Snorg
 19502 | Lair:3   | Killed Snorg
 19886 | Lair:3   | Reached XP level 14. HP: 136/138 MP: 13/13
 20513 | Lair:4   | Found a staircase to the Swamp.
 21427 | Lair:5   | Reached skill level 17 in Fighting
 21430 | Lair:5   | Reached ****** piety under Trog
 21751 | Lair:5   | Found a staircase to the Slime Pits.
 21803 | Lair:5   | You fall into a shaft and drop 1 floor!
 21803 | Lair:6   | Entered Level 6 of the Lair of Beasts
 22223 | Lair:6   | Received a gift from Trog
 23146 | Lair:6   | Reached XP level 15. HP: 123/148 MP: 14/14
 23560 | Lair:6   | Identified the +1 leather armour of the Pink Corner {Dex+3}
 23566 | Lair:6   | Identified the ring of Nouman {*Corrode MP+9 Dex+5}
 24154 | Lair:5   | Reached skill level 18 in Fighting
 24154 | Lair:5   | Upgraded the game from 0.27-a0-543-gd81048afd2 to
                  | 0.28-a0-1182-g381e24db82
 24176 | Lair:5   | Upgraded the game from 0.28-a0-1182-g381e24db82 to
                  | 0.28-a0-1190-g77e1c55843
 24638 | Orc:1    | Found Mifuax's Book Shoppe.
 25139 | Orc:2    | Entered Level 2 of the Orcish Mines
 25152 | Orc:2    | Reached skill level 1 in Evocations
 25198 | Orc:2    | Found a staircase to the Elven Halls.
 25353 | Orc:2    | Received a gift from Trog
 25361 | Orc:2    | Reached skill level 19 in Fighting
 25743 | Orc:2    | Found Guchoder's General Store.
 25801 | Orc:2    | Found Xyzexad's Magic Scroll Emporium.
 25809 | Orc:2    | Found Bunif's Assorted Antiques.
 25821 | Orc:2    | Bought a shimmering morningstar for 189 gold pieces
 25821 | Orc:2    | Identified the +8 morningstar of Ydibboq {pain, rElec rF+
                  | Str+2} (You bought it in a shop on level 2 of the Orcish
                  | Mines)
 25821 | Orc:2    | Bought a potion of curing for 63 gold pieces
 25824 | Orc:2    | Found Masai's Distillery.
 25828 | Orc:2    | Bought a scroll of fog for 22 gold pieces
 25828 | Orc:2    | Bought a scroll of fog for 22 gold pieces
 25888 | Orc:2    | Bought a potion of heal wounds for 60 gold pieces
 25888 | Orc:2    | Bought a potion of curing for 36 gold pieces
 25888 | Orc:2    | Bought a potion of heal wounds for 60 gold pieces
 25888 | Orc:2    | Bought a potion of heal wounds for 60 gold pieces
 26037 | Orc:2    | Noticed Josephine
 26055 | Orc:2    | Killed Josephine
 26338 | Swamp:1  | Entered Level 1 of the Swamp
 27168 | Swamp:1  | Identified the +4 spear "Hitzae" {spect, rElec rC- Int+3}
 27190 | Swamp:1  | Found a runed translucent door.
 27194 | Swamp:1  | Noticed ChaosChampion's ghost (journeyman DsAK)
 27304 | Swamp:1  | Reached skill level 5 in Evocations
 27518 | Swamp:1  | Received a gift from Trog
 27753 | Swamp:1  | Killed ChaosChampion's ghost
 27860 | Swamp:2  | Reached skill level 20 in Fighting
 28278 | Swamp:2  | Reached XP level 16. HP: 162/162 MP: 15/15
 28333 | Swamp:2  | Paralysed by a fenstrider witch for 6 turns
 28804 | Swamp:3  | Noticed Kirke
 28817 | Swamp:3  | Killed Kirke
 29128 | Swamp:3  | Found a shadowy altar of Dithmenos.
 29633 | Swamp:3  | Noticed Nikola
 29643 | Swamp:3  | Killed Nikola
 30243 | Spider:1 | Entered Level 1 of the Spider Nest
 30510 | Spider:1 | Noticed Mlioglotl
 30527 | Spider:1 | Killed Mlioglotl
 30748 | Spider:1 | Noticed Louise
 30757 | Spider:1 | Killed Louise
 31573 | Spider:1 | Reached skill level 21 in Fighting
 31713 | Spider:2 | Received a gift from Trog
 31719 | Spider:2 | Noticed Arachne
 31729 | Spider:2 | Killed Arachne
 32963 | Spider:2 | Reached XP level 17. HP: 167/173 MP: 10/16
 33472 | Spider:2 | Lost intelligence.
 34047 | Spider:2 | Received a gift from Trog
 35071 | Spider:3 | Noticed Jorgrun
 35077 | Spider:3 | Killed Jorgrun
 35724 | Elf:1    | Entered Level 1 of the Elven Halls
 36224 | Elf:1    | Reached skill level 22 in Fighting
 36574 | Elf:1    | Acquired a +1 hat
 36605 | Elf:1    | Paralysed by an air elemental for 1 turns
 36906 | Elf:1    | Found Plog's Antique Armour Shop.
 36914 | Elf:1    | Bought a faintly glowing plate armour for 1092 gold pieces
 36914 | Elf:1    | Identified the +2 plate armour of the True Pharaoh {Will+
                  | Regen+} (You bought it in a shop on level 1 of the Elven
                  | Halls)
 36914 | Elf:1    | Bought a glowing hat for 273 gold pieces
 37286 | Orc:2    | Bought a scroll of silence for 82 gold pieces
 37377 | Elf:2    | Reached skill level 10 in Evocations
 37418 | Elf:2    | Received a gift from Trog
 37863 | Elf:2    | Found a runed translucent gate.
 37864 | Elf:2    | Found a runed translucent gate.
 37872 | Elf:2    | Found a runed translucent gate.
 38947 | D:14     | Noticed Frances
 38952 | D:14     | Killed Frances
 39669 | D:15     | Entered Level 15 of the Dungeon
 39735 | D:15     | Reached XP level 18. HP: 62/187 MP: 6/17
 40097 | D:15     | Received a gift from Trog
 40140 | D:15     | Found a staircase to the Depths.
 41118 | Swamp:4  | Entered Level 4 of the Swamp
 41464 | Swamp:4  | Reached skill level 23 in Fighting
 41533 | Swamp:4  | Identified the +6 scale mail of the Mackerel {Int+4}
 42147 | Swamp:4  | Got a decaying rune of Zot
 42504 | Spider:4 | Entered Level 4 of the Spider Nest
 42749 | Spider:4 | Noticed Aizul
 42760 | Spider:4 | Killed Aizul
 42953 | Spider:4 | Identified the +0 robe of Qousaenao {rF+ Will+}
 43454 | Spider:4 | Noticed Agnes
 43459 | Spider:4 | Killed Agnes
 43480 | Spider:4 | Received a gift from Trog
 44118 | Spider:4 | Got a gossamer rune of Zot
 44467 | Elf:3    | Entered Level 3 of the Elven Halls
 44916 | Elf:3    | Found an ancient bone altar of Kikubaaqudgha.
 44943 | Elf:3    | Cast into level 3 of the Abyss (a deep elf demonologist)
 44943 | Abyss:3  | Found a corrupted altar of Lugonu.
 44960 | Abyss:3  | Found an ornate altar of the Wu Jian Council.
 44990 | Abyss:3  | Reached XP level 19. HP: 109/198 MP: 13/18
 45060 | Abyss:3  | Received a gift from Trog
 45096 | Abyss:3  | Lost intelligence.
 45158 | Elf:3    | Escaped the Abyss
 45348 | Elf:3    | Identified the +6 glaive of the Throat {vorpal, Fly Str+3
                  | Dex+2}
 45350 | Elf:3    | Reached skill level 24 in Fighting
 45387 | Elf:3    | HP: 6/297 [deep elf master archer/arrow (17)]
 45393 | Elf:3    | HP: 6/297 [poisoned by a deep elf demonologist]
 45398 | Elf:3    | HP: 7/297 [poisoned by a deep elf demonologist]
 45472 | Elf:3    | Acquired 741 gold pieces
 45473 | Elf:3    | Acquired 739 gold pieces
 45666 | Elf:2    | Received a gift from Trog
 45804 | Elf:2    | Found a runed translucent gate.
 45804 | Elf:2    | Found a runed translucent gate.
 45807 | Elf:2    | Found a runed translucent gate.
 47324 | Elf:3    | Identified the +9 fustibalus "Minotaur's Death" {vorpal,
                  | rElec}
 47919 | Elf:3    | Found a shimmering blue altar of Sif Muna.
 48204 | Elf:3    | Identified the +1 plate armour of Polish {Will+ MP+9}
 48874 | Orc:2    | Bought a phantom mirror for 840 gold pieces
 48976 | Vaults:1 | Entered Level 1 of the Vaults
 49081 | Vaults:1 | Received a gift from Trog
 49103 | Vaults:1 | Reached XP level 20. HP: 209/209 MP: 1/19
 49461 | Vaults:1 | Found a crumbling gateway.
 49469 | Desolati | Entered the Desolation of Salt
 49517 | Desolati | Identified the amulet "Uddomnew" {Faith Int-2 Dex+3}
 49521 | Desolati | Reached skill level 25 in Fighting
 49686 | Desolati | Identified the +4 battleaxe "Xykhyr" {antimagic, +Blink
                  | rPois Will- Dex+9} (Trog gifted it to you in the Desolation
                  | of Salt)
 49686 | Desolati | Received a gift from Trog
 49825 | Desolati | Identified the +1 executioner's axe "Mitaf" {flame, Will+}
 49826 | Desolati | Identified the +7 battleaxe of Evil {holy, rCorr}
 49829 | Desolati | Identified the +4 spear of Gravity {speed, rElec Will++
                  | rCorr Stlth+}
 50435 | Desolati | Identified the +1 shortbow of the Mind {freeze, Will+}
 50444 | Desolati | Found the +3 Elemental Staff {rElec rF++ rC++ AC+5}
 50449 | Desolati | Identified the +7 war axe of Floral Tortfeasance {flame,
                  | Str+3}
 50460 | Desolati | Identified the ring "Konevuec" {rPois MP+9 Int-2 Dex+2
                  | Stlth+}
 51555 | Vaults:1 | Received a gift from Trog
 51630 | Vaults:1 | Found Caharr's Jewellery Boutique.
 51880 | Vaults:2 | Found a staircase to the Crypt.
 52373 | Vaults:2 | Reached skill level 15 in Evocations
 52647 | Vaults:2 | Reached XP level 21. HP: 204/220 MP: 7/20
 52651 | Vaults:2 | Received a gift from Trog
 52794 | Vaults:2 | Found a large runed translucent door.
 52794 | Vaults:2 | Found a large runed translucent door.
 52794 | Vaults:2 | Noticed Beasu's ghost (veteran KoDe)
 52794 | Vaults:2 | Noticed Htamos's ghost (adept TrMo)
 53589 | Vaults:2 | Reached skill level 26 in Fighting
 54180 | Vaults:3 | Received a gift from Trog
 55289 | Vaults:3 | Received a gift from Trog
 56719 | Vaults:4 | Acquired the ring "Wodi" {rF+ Will+ Str+5}
 56917 | Vaults:4 | Received a gift from Trog
 57011 | Vaults:4 | Found a runed translucent gate.
 57012 | Vaults:4 | Found a runed translucent gate.
 57013 | Vaults:4 | Found a runed translucent gate.
 57015 | Vaults:4 | Noticed Foasmeck's ghost (veteran MiFi)
 57015 | Vaults:4 | Noticed Hianofua's ghost (adept DDFi)
 57015 | Vaults:4 | Noticed Hianofua's ghost (adept DDFi)
 57693 | Vaults:4 | Acquired 773 gold pieces
 57863 | Vaults:2 | Killed Htamos's ghost
 57865 | Vaults:2 | Killed Beasu's ghost
 58006 | Vaults:4 | Killed Hianofua's ghost
 58007 | Vaults:4 | Reached XP level 22. HP: 232/232 MP: 3/21
 58011 | Vaults:4 | Killed Hianofua's ghost
 58019 | Vaults:4 | Killed Foasmeck's ghost
 58757 | Vaults:5 | Entered Level 5 of the Vaults
 58763 | Vaults:5 | Reached skill level 27 in Fighting
 59397 | Vaults:5 | Received a gift from Trog
 59454 | Vaults:5 | Paralysed by a sphinx for 3 turns
 59565 | Vaults:5 | Identified the +8 flail of Light {venom, rPois rCorr Int+2
                  | Dex-5}
 59565 | Vaults:5 | Identified the +10 arbalest "Ekihefal" {penet, Fly}
 59618 | Vaults:5 | Identified the +8 flail "Spiderbane" {freeze, Dex+5}
 59685 | Vaults:5 | Identified the +6 hand axe of a ziggurat {freeze, Str+4}
 59727 | Vaults:5 | Noticed a dread lich
 59738 | Vaults:5 | Killed a dread lich
 59798 | Vaults:5 | Paralysed by a floating eye for 4 turns
 60451 | Vaults:5 | Received a gift from Trog
 61015 | Vaults:5 | Got a silver rune of Zot
 61043 | Vaults:5 | Reached skill level 5 in Dodging
 61146 | Vaults:5 | Reached XP level 23. HP: 239/240 MP: 18/22
 61436 | Vaults:5 | Identified the +0 leather armour "Laoh" {*Corrode +Blink
                  | rF++}
 61889 | Depths:1 | Entered Level 1 of the Depths
 62037 | Depths:1 | Found an ancient bone altar of Kikubaaqudgha.
 62097 | Depths:1 | Reached XP level 24. HP: 249/249 MP: 22/22
 62871 | Depths:1 | Found the +2 cloak of the Thief {*Fog Slay-2 SInv Stlth+}
 62946 | Depths:1 | Found the +2 hood of the Assassin {Detection Stab+ Stlth++}
 62947 | Depths:1 | Found a shadowy altar of Dithmenos.
 63033 | Depths:1 | Noticed Sojobo
 63044 | Depths:1 | Killed Sojobo
 63182 | Depths:1 | Reached skill level 10 in Dodging
 63244 | Depths:1 | Found a gateway to Hell.
 63716 | Depths:2 | Found a broken altar of Ashenzari.
 64007 | Depths:2 | Received a gift from Trog
 64616 | Depths:2 | Found a one-way gate leading to the halls of Pandemonium.
 64893 | Depths:3 | Found a one-way gate to the infinite horrors of the Abyss.
 65199 | Depths:3 | Found a one-way gateway to a ziggurat.
 65692 | Depths:3 | Received a gift from Trog
 65875 | Depths:3 | Identified the +9 rapier of Raerafre {elec, Fly rPois Dex-5
                  | SInv}
 65981 | Depths:3 | Identified the +1 ring mail "Monos" {rPois Str+4}
 66417 | Depths:4 | Found Ypiofuje's Distillery.
 66422 | Depths:4 | Found Ilah Rai's Antique Weapon Shoppe.
 66422 | Depths:4 | Found Vuerra's Book Emporium.
 66435 | Depths:4 | Found Aruir's Magic Scroll Emporium.
 66437 | Depths:4 | Bought a potion of ambrosia for 160 gold pieces
 66437 | Depths:4 | Bought a potion of curing for 60 gold pieces
 66437 | Depths:4 | Bought a potion of curing for 60 gold pieces
 66437 | Depths:4 | Bought a potion of haste for 200 gold pieces
 66437 | Depths:4 | Bought a potion of cancellation for 160 gold pieces
 66469 | Depths:4 | Bought a scroll of fog for 26 gold pieces
 66608 | Depths:4 | Identified the +6 mace of Objectivity {freeze, Str+4 Int+4}
 66638 | Depths:4 | Reached XP level 25. HP: 237/257 MP: 19/22
 67229 | Depths:4 | Identified the ring of Pihe {rF+ Dex+3}
 67229 | Depths:4 | Identified the +1 ring mail "Dueseor" {rPois Will+ Dex-4}
 67304 | Depths:4 | HP: 8/257 [caustic shrike[a glowing orange brain] (21)]
 67304 | Depths:4 | HP: 3/257 [acid[a glowing orange brain] (5)]
 67323 | Depths:4 | HP: 7/257 [caustic shrike[a glowing orange brain] (17)]
 67323 | Depths:4 | Splashed by a caustic shrike's acid

Illustrated notes

Levels and vault maps discovered:
D:1:      dpeg_arrival_morbid_curiosity, layout_basic, minmay_tetromino_i4
D:2:      layout_loops_ring, elyvilon_altar_3
D:3:      minmay_inner_zag, layout_loops_ring, lemuel_round_altar
D:4:      layout_cave_pools, gup_sewer_entry_bowl, serial_column_ruins,
          column_ruins_open_tiny, column_ruins_open_tiny,
          column_ruins_corridor_dead_end, column_ruins_columns_straight
D:5:      layout_cave_pools, kennysheep_mini, led_sif_book,
          general_overflow_altar, kiku_gazebo_garden_becter,
          chequers_serial_rivers_marsh, minmay_manual_moon, uniq_duvessa
D:6:      layout_cave_pools, minmay_temple_entry_nine_rooms,
          minmay_misc_feat_rugged
D:7:      layout_loops_corners, serial_shops, nicolae_shop_behind_doors,
          uniq_pikel
D:8:      layout_loops_ring, minitemple, special_room [special_room_orc]
D:9:      layout_basic, basic_altar, uniq_maggie, uniq_erolcha
D:10:     layout_big_octagon, lair_entry_dummy, serial_gnoll_camp,
          gnoll_camp_medium_02, gnoll_camp_medium_01, gnoll_camp_mini_hut,
          grums_kennel, eino_jars
D:11:     layout_grid_maze, hangedman_decor_slide_cut, zaba_antful_of_joy
D:12:     layout_loops_cross, minmay_orc_entry_temple_small,
          gauntlet_entry_generic, uniq_azrael
D:13:     layout_loops_cross, skrybe_vaults_entry_preservation, feat_on_display
D:14:     layout_roguey, hangedman_abyss_or_decor_stabs, nzn_random_ring,
          uniq_frances
D:15:     hangedman_depths_entry_civil_slaughter, layout_basic, minivault_23
Lair:1:   layout_big_grid, lemuel_fruit_tree
Lair:2:   layout_long_grid, spider_nest_entry_funnel_web,
          chequers_serial_rivers_small_a, hibernation_bobbens,
          grunt_megastairs_3, uniq_nergalle
Lair:3:   layout_hall_layers, minivault_26, kennysheep_rathole,
          grunt_megastairs_4, serial_bayou_shore_a, uniq_snorg
Lair:4:   layout_regular_city, minmay_swamp_entry_swarm, patterned_corridor
Lair:5:   layout_gridlike, minmay_slime_entry_pillars, beast_lair_carwin_5
Lair:6:   hangedman_lair_in_review, layout_gridlike, special_room
          [special_room_mythical_zoo]
Swamp:1:  layout_basic_swamp, hellmonk_ghost_happy_afterlife,
          evilmike_swamp_ruin_house_2, swamp_pool1
Swamp:2:  layout_falls_marsh, hangedman_swamp_ruin_wall, swamp_pool2
Swamp:3:  layout_basic_swamp, lemuel_altar_in_water, uniq_nikola, uniq_kirke
Swamp:4:  swamp_icy, layout_basic_swamp, infiniplex_staircase_pool_2
Spider:1: layout_spider_delve, drop_trap, hellmonk_watch_for_rolling_rocks,
          uniq_mlioglotl, uniq_louise
Spider:2: mumra_spider_spiderweb, nicolae_spider_not_touching_you, uniq_arachne
Spider:3: layout_spider_delve, uniq_jorgrun
Spider:4: guppyfry_spider_rune, uniq_agnes, uniq_aizul
Orc:1:    layout_caves, serial_shops, shop_statue
Orc:2:    st_orc_open, layout_diamond_mine, uniq_josephine
Elf:1:    nicolae_elf_arrival_fired_up, layout_onion_city, serial_shops,
          nicolae_shop_statue_plus, hangedman_elf_represent
Elf:2:    nicolae_elf_blades_splatter_lattice [nicolae_blade_bullseye],
          layout_rooms, dk_noncrumbling_2,
          nicolae_gammafunk_elf_defective_weapons_storage
Elf:3:    grunt_elf_hall_branching, layout_gridlike, hangedman_feature_mirror,
          roderic_roman_lattice, hangedman_glass_teeth
Vaults:1: portal_desolation_entry_nicolae_nacl, vaults_room_large_hall,
          vaults_mumra_hexcomb, hangedman_vaults_slice, vaults_dpeg_diagonal,
          vaults_dpeg_cross, layout_vaults_omnigrid, serial_shops, shop
Vaults:2: advil_vaults_ghost_guards, hangedman_vaults_corner,
          ontoclasm_vaults_twist, v_misc_31, v_rooms_4,
          nicolae_vaults_statue_guard, ontoclasm_vaults_ring_square,
          v_pattern_2, vaults_standard_mumra_enter_the_diamond,
          vaults_standard_mumra_enter_the_diamond, layout_vaults_big_room
Vaults:3: ontoclasm_vaults_shuriken, v_misc_4, serial_ice_b,
          nicolae_vaults_little_squares_5, grunt_vaults_bifocal,
          nicolae_vaults_network_periphery, serial_ice_g, special_room_vaults
          [special_room_orc], v_misc_12, vaults_dpeg_spiral,
          nicolae_vaults_border_crossing, nicolae_vaults_puzzle_piece,
          nicolae_vaults_specimen_jars, vaults_room_fours,
          ontoclasm_vaults_loading_screen, layout_vaults_omnicross
Vaults:4: gammafunk_ghost_cemetery, nicolae_vaults_shelves_hall,
          vaults_standard_mumra_enter_the_diamond, v_misc_4, v_misc_18,
          hangedman_vaults_stretched_pinwheel, vaults_mumra_lcd,
          vaults_mumra_chevron_long, v_misc_14, vaults_mumra_chevron, v_misc_30,
          vaults_room_grid, v_rooms_2, v_alt_pattern_4,
          nicolae_vaults_ring_of_whatevers, dpeg_vaults_monster_row,
          layout_vaults_maze, uniq_margery
Vaults:5
Depths:1: regret_index_dithmenos_brocken_genspenst, layout_twisted_cross,
          hell_entry, nicolae_kikubaaqudgha_miasma_corner, serial_glass,
          glass_columns_c, glass_columns_a, feat_on_display,
          minmay_strange_pillars, minmay_strange_pillars,
          chequers_serial_rivers_micro_b, nicolae_two_hexagons,
          kennysheep_pointless_box, kennysheep_opposing_triangles, uniq_sojobo
Depths:2: cheibrodos_salmonella, layout_cave_shapes, grunt_pan_entry_sceptre,
          grunt_hell_horde, nicolae_ashenzari_panopticon,
          statue_in_the_mist_lemuel, infiniplex_staircase_split_hallway
Depths:3: minmay_tearing_corner, layout_cave_pools, enter_ziggurat_f,
          abyss_entry, hangedman_coc_ice_floe, serial_bayou_lagoon_a
Depths:4: minmay_the_grid_3x2 [minmay_the_grid_box_x,
          minmay_the_grid_minigrid_small, minmay_the_grid_armoury,
          minmay_the_grid_artifice, minmay_the_grid_minigrid_small_alt,
          minmay_the_grid_prize_shrinking_boxes], layout_honeycomb,
          zot_entry_small, grunt_hell_entry_dis_grunt,
          grunt_pan_entry_in_and_out, minmay_shoptagon,
          infiniplex_staircase_star

Skill      XL: |  1  2  3  4  5  6  7  8  9 10 11 12 13 14 15 16 17 18 19 20 21 22 23 24 |
---------------+-------------------------------------------------------------------------+-----
Axes           | 4 5 6 7 9 10 12 13 15 16 17 20 21 22 23 24 25 26 | 26.0
Fighting       | 4 5 6 7 9 10 12 13 15 16 17 20 21 22 23 24 25 26 27 | 27.0
Armour         | 3 4 5 6 8 10 11 13 14 15 17 18 19 20 21 23 24 26 | 26.3
Shields        | 2 |  2.8
Evocations     | 5 8 10 12 13 15 16 18 19 | 19.6
Dodging        | 5 8 10 | 10.0

Action                   |  1- 3 |  4- 6 |  7- 9 | 10-12 | 13-15 | 16-18 | 19-21 | 22-24 | 25-27 || total
-------------------------+-------+-------+-------+-------+-------+-------+-------+-------+-------++-------
Melee: Hand axe          |    73 |   159 |   406 |    42 |       |       |       |       |       ||   680
       Headbutt          |     6 |    22 |    94 |   101 |   183 |   229 |   270 |   263 |    31 ||  1199
       Battleaxe         |       |       |       |   440 |     2 |       |       |       |       ||   442
       Executioner's axe |       |       |       |       |   744 |   985 |  1060 |   790 |   101 ||  3680
Throw: Stone             |    45 |    24 |       |       |     8 |       |       |       |       ||    77
       Dart              |    40 |    96 |   155 |   142 |   222 |     1 |     1 |       |       ||   657
Invok: Berserk           |       |       |     4 |     5 |     1 |    10 |     3 |       |       ||    23
       Trog's Hand       |       |       |     4 |     8 |     5 |    12 |    11 |     6 |     2 ||    48
       Brothers in Arms  |       |       |     1 |       |       |     6 |    10 |     1 |     2 ||    20
 Abil: Evoke Blink       |       |       |       |       |       |       |     1 |       |       ||     1
Evoke: Wand              |       |       |       |       |       |    59 |     8 |    36 |       ||   103
       Box of beasts     |       |       |       |       |       |       |     1 |       |       ||     1
       Phial of floods   |       |       |       |       |       |       |       |     1 |       ||     1
       Condenser vane    |       |       |       |       |       |       |       |     1 |       ||     1
  Use: Scroll            |       |     9 |     7 |     8 |    13 |    13 |     8 |     3 |     3 ||    64
       Potion            |       |       |       |     1 |       |     1 |     4 |     7 |     3 ||    16
 Stab: Petrifying        |       |       |       |       |     1 |       |       |       |       ||     1
       Petrified         |       |       |       |       |     1 |       |       |       |       ||     1
       Distracted        |       |       |       |       |       |     3 |     1 |     2 |       ||     6
       Invisible         |       |       |       |       |       |       |     4 |       |       ||     4
Armor: Animal skin       |     2 |       |       |       |       |       |       |       |       ||     2
       Plate armour      |    45 |   111 |   216 |   252 |       |       |       |       |       ||   624
       Crystal plate arm |       |       |       |   106 |   672 |   923 |   749 |   469 |    75 ||  2994
Dodge: Dodged            |    25 |    49 |   159 |   171 |   245 |   338 |   322 |   258 |    38 ||  1605
       Repelled          |       |       |       |     2 |     4 |    19 |    11 |     9 |     2 ||    47
Block: Other             |       |       |       |    85 |   137 |   229 |       |       |       ||   451
       Reflection        |       |       |       |    10 |       |    11 |       |       |       ||    21

Table legend: (Time is in decaauts)
 A = Elapsed time spent in this place.
 B = Non-inter-level travel time spent in this place.
 C = Inter-level travel time spent in this place.
 D = Time resting spent in this place.
 E = Time spent auto-exploring this place.
 F = Levels seen in this place.
 G = Mean time per level.
                   A        B        C        D        E       F      G
               +--------+--------+--------+--------+--------+-----+--------+
         Total |  68287 |  63230 |   5057 |  11800 |  35263 |  47 | 1452.9 |
       Dungeon |  19160 |  17722 |   1438 |   2070 |  11274 |  15 | 1277.3 |
          Lair |   8444 |   7402 |   1042 |    410 |   5634 |   6 | 1407.3 |
         Swamp |   4704 |   4437 |    267 |   1172 |   2095 |   4 | 1176.0 |
   Spider Nest |   8227 |   7759 |    468 |   2693 |   3331 |   4 | 2056.8 |
  Orcish Mines |   1974 |   1529 |    445 |    374 |    791 |   2 |  987.0 |
   Elven Halls |   6868 |   6391 |    477 |   2326 |   2107 |   3 | 2289.3 |
        Vaults |  10790 |   9943 |    847 |   1908 |   5258 |   5 | 2158.0 |
        Depths |   5268 |   5198 |     70 |    474 |   3300 |   4 | 1317.0 |
         Abyss |    221 |    221 |      0 |     32 |      0 |   1 |  221.0 |
         Sewer |    739 |    739 |      0 |      0 |    426 |   1 |  739.0 |
    Desolation |   1250 |   1250 |      0 |    241 |    668 |   1 | 1250.0 |
      Gauntlet |    637 |    637 |      0 |     96 |    378 |   1 |  637.0 |
               +--------+--------+--------+--------+--------+-----+--------+

Top non-repeatable levels by time:
Spider:2: 3112 daAuts
Vaults:5: 2810 daAuts
   Elf:3: 2479 daAuts
Spider:1: 2235 daAuts
Vaults:3: 2221 daAuts
Vaults:2: 2220 daAuts
   Elf:1: 2208 daAuts
   Elf:2: 2180 daAuts
    D:11: 2044 daAuts
  Lair:6: 2034 daAuts
  Lair:4: 1903 daAuts
    D:13: 1886 daAuts
Vaults:4: 1843 daAuts
Spider:3: 1705 daAuts
Vaults:1: 1694 daAuts
